Cogmind - Beta 9 @@@ ROGUE MODE // 2019.11.11 @ 12:48:29 Player: Ando Result: Destroyed by S-27 Virus with Autogun Performance ------------- Evolutions (4) 2000 Regions Visited (7) 1400 Robots Destroyed (64) 320 Value Destroyed (2497) 2497 Prototype IDs (0) 0 Alien Tech Used (0) 0 Bonus (0) 0 TOTAL SCORE: 6217 Bonus ------- None Cogmind --------- Core Integrity 0/850 Matter 290/300 Energy 98/100 System Corruption 2% Temperature Cool (0) Location -6/Lower Caves Parts ------- Power (1) Propulsion (3) Utility (8) Weapon (3) Inventory (4) Reinforced Ion Engine Medium Treads Large Storage Unit Large Storage Unit Peak State ------------ Power Improved Deuterium Engine Propulsion Medium Treads Medium Treads Medium Treads Utility Improved Heat Sink Large Storage Unit High-capacity Storage Unit Visual Processing Unit Long-range Sensor Array Light Armor Plating Hardened Heavy Armor Plating Weapon High-powered Shock Rifle Heavy Plasma Cannon Heavy Missile Launcher Inventory Reinforced Ion Engine Light Nuclear Core Light Angular Momentum Engine Light Treads Medium Treads Improved Aluminum Leg Carbon-fiber Leg Improved Titanium Leg Large Storage Unit Hardened Heavy Armor Plating Hardened Heavy Armor Plating Lightning Gun Flak Gun Assault Cannon Power Maul [Rating: 55] Favorites ----------- Power Light Nuclear Core Engine Improved Deuterium Engine Power Core Light Nuclear Core Propulsion Medium Treads Treads Medium Treads Leg Improved Aluminum Leg Wheel Compact Wheel Utility Large Storage Unit Device Improved Heat Sink Storage Large Storage Unit Processor Visual Processing Unit Protection Hardened Heavy Armor Plating Weapon Assault Cannon Energy Gun EM Pulse Gun Energy Cannon Heavy Plasma Cannon Ballistic Gun Shotgun Ballistic Cannon Assault Cannon Launcher Heavy Missile Launcher Impact Weapon Power Maul Build | -11 -10 -9 -8 -7 -6 -6 -6 ------- Run | Scr Mat Mat Mat Fac Fac Low Low Slots Evolved 8 | . . 2 2 2 2 . . Power . | . . . . . . . . Propulsion 1 | . . 1 . . . . . Utility 6 | . . 1 2 1 2 . . Weapon 1 | . . . . 1 . . . Parts Attached 99 | 6 10 22 26 7 4 19 5 Power 10 | 1 1 2 2 1 . 2 1 Engine 7 | 1 . 2 1 1 . 1 1 Core 3 | . 1 . 1 . . 1 . Reactor . | . . . . . . . . Propulsion 34 | 2 4 13 7 . . 4 4 Treads 16 | 1 2 4 7 . . . 2 Leg 17 | . 2 9 . . . 4 2 Wheel 1 | 1 . . . . . . . Hover . | . . . . . . . . Flight . | . . . . . . . . Utility 27 | 1 3 3 10 3 3 4 . Device 9 | . . . 6 . 2 1 . Storage 6 | 1 3 . . 2 . . . Processor 1 | . . . . 1 . . . Hackware . | . . . . . . . . Protection 11 | . . 3 4 . 1 3 . Artifact . | . . . . . . . . Weapon 28 | 2 2 4 7 3 1 9 . Energy Gun 12 | 1 1 2 3 2 1 2 . Energy Cannon 3 | . . . 1 . . 2 . Ballistic Gun 5 | 1 1 2 . . . 1 . Ballistic Cannon 4 | . . . 3 . . 1 . Launcher 2 | . . . . . . 2 . Special Weapon . | . . . . . . . . Impact Weapon 2 | . . . . 1 . 1 . Slashing Weapon . | . . . . . . . . Piercing Weapon . | . . . . . . . . Special Melee Weapon . | . . . . . . . . Unidentified Prototypes . | . . . . . . . . Parts Lost 43 | . 1 7 5 1 . 14 15 Power 6 | . 1 1 . 1 . 2 1 Propulsion 12 | . . 2 1 . . 3 6 Utility 12 | . . 1 2 . . 4 5 Weapon 13 | . . 3 2 . . 5 3 Highest Loss Streak 13 | . 1 4 2 1 . 13 11 Average Slot Usage (%) 93 | . 98 97 96 91 93 90 53 Engine 4 | . 5 8 2 . 6 4 . Core 3 | . 7 2 6 6 . 1 4 Treads 17 | . 15 10 27 23 20 15 . Leg 6 | . 8 21 . . . 4 14 Device 7 | . . . 8 7 13 13 9 Storage 17 | . 27 22 18 15 13 11 5 Processor 2 | . . . . 7 6 4 . Protection 10 | . . 10 14 7 13 13 9 Energy Gun 8 | . 14 6 5 14 6 7 1 Energy Cannon 1 | . . . 4 . . 2 . Ballistic Gun 5 | . 14 14 . . . 1 . Ballistic Cannon 3 | . . . 8 7 6 4 . Impact Weapon 1 | . . . . . 5 1 4 Naked Turns 20 | . . . . . . . 20 Heaviest Build 105 | 11 58 64 83 90 96 105 81 Greatest Support 84 | 20 40 60 84 84 84 84 50 Greatest Overweight (x) 10 | . 2 4 1 1 1 2 10 Average Overweight (x) . | . 1 . . . 1 1 . Largest Inventory Capacity 18 | 6 18 18 18 18 18 18 10 Average Capacity 16 | 5 17 18 18 17 18 16 9 Most Carried 18 | 6 18 18 18 18 18 18 6 Average Carried 15 | 3 13 15 17 17 17 15 4 Final Capacity 4 | . . . . . . . 4 Final Carried 4 | . . . . . . . 4 Class Distribution -------------------- 47% | Mutant 31% | Tank 20% | Scavenger-Mutant Dominant Class ---------------- Mutant | -10/Materials Mutant | -9/Materials Scavenger-Mutant | -8/Materials Tank | -7/Factory Mutant | -6/Factory Tank | -6/Lower Caves Mutant | -6/Lower Caves Resources | -11 -10 -9 -8 -7 -6 -6 -6 ----------- Run | Scr Mat Mat Mat Fac Fac Low Low Matter Collected 1974 | 229 247 442 510 56 100 372 18 Remotely . | . . . . . . . . Salvage Created 2623 | . 484 544 654 56 100 726 59 Parts 110 | . 22 30 27 3 5 22 1 Haulers Intercepted 1 | . 1 . . . . . . Recyclers Shooed 2 | . 1 1 . . . . . Parts Field Recycled . | . . . . . . . . Retrieved Matter . | . . . . . . . . Parts Self-Destructed 8 | . . . . . . 7 1 Prevented 11 | . . . . . . 10 1 Kills | -11 -10 -9 -8 -7 -6 -6 -6 ------- Run | Scr Mat Mat Mat Fac Fac Low Low Combat Hostiles Destroyed 62 | . 11 12 18 1 2 16 2 Melee 1 | . . . . . . 1 . Guns 31 | . 10 11 3 . 1 6 . Cannons 21 | . . . 15 1 1 4 . AOE 8 | . 1 1 . . . 4 2 Classes Destroyed 8 | . 3 2 2 . 1 . . Hauler 1 | . 1 . . . . . . Recycler 1 | . . 1 . . . . . Swarmer 11 | . 1 . 3 . . 6 1 Grunt 37 | . 10 8 13 . . 5 1 Brawler 4 | . . . 1 . . 3 . Sentry 8 | . . 4 . 1 1 2 . Hunter 1 | . . . 1 . . . . Programmer 1 | . . . . . 1 . . Best Kill Streak 8 | . 3 8 4 1 1 5 2 Combat Bots Only 7 | . 3 7 4 1 1 5 2 Max Kills in Single Turn 2 | . 2 1 1 1 1 2 1 Gunslinging . | . . . . . . . . Exploded 2 | . 1 1 . . . 2 1 Melee 1 | . . . . . . 1 . Uniques/NPCs Destroyed . | . . . . . . . . Combat | -11 -10 -9 -8 -7 -6 -6 -6 -------- Run | Scr Mat Mat Mat Fac Fac Low Low Damage Taken 8839 | . 551 1562 1505 267 308 2427 2219 Core 1395 | . 39 373 128 . 13 184 658 Absorbed by Shields . | . . . . . . . . Core Remaining (%) 73 | 100 84 6 76 100 . . . Volleys Fired 203 | . 40 52 65 4 5 33 4 Largest 3 | . 2 2 2 2 3 3 2 Hottest 194 | . 70 88 112 107 167 194 94 Shots Fired 419 | . 80 99 130 8 14 82 6 Gun 284 | . 80 99 41 4 9 47 4 Cannon 129 | . . . 89 4 5 31 . Launcher 6 | . . . . . . 4 2 Special . | . . . . . . . . Kinetic 217 | . 40 73 61 4 5 34 . Thermal 125 | . 29 14 63 4 5 10 . Explosive 6 | . . . . . . 4 2 Electromagnetic 71 | . 11 12 6 . 4 34 4 Robot Hit Streak 19 | . 8 16 19 16 7 10 2 Robot Miss Streak 7 | . 5 7 6 1 1 5 2 Penetration Max . | . . . . . . . . Secondary Targets 6 | . . 5 1 . . . . Max Gunslinging Chain 1 | . . 1 1 . . . . Shots Hit Robots 295 | . 53 84 89 7 11 49 2 Core Hits 143 | . 22 37 33 4 5 35 7 Critical Hits 2 | . 1 . 1 . . . . Critical Kills . | . . . . . . . . Critical Parts Destroyed 2 | . 1 . 1 . . . . Melee Attacks 1 | . . . . . . 1 . Impact 1 | . . . . . . 1 . Slashing . | . . . . . . . . Piercing . | . . . . . . . . Sneak Attacks . | . . . . . . . . Combat Hostiles . | . . . . . . . . Follow-up Attacks . | . . . . . . . . Damage Inflicted 5877 | . 721 1111 1540 178 251 1636 440 Guns 3052 | . 680 1060 327 73 145 712 55 Cannons 1725 | . . . 1213 105 106 301 . Explosions 1060 | . 41 51 . . . 583 385 Melee 36 | . . . . . . 36 . Ramming 4 | . . . . . . 4 . Kinetic 2486 | . 298 850 757 105 106 370 . Thermal 1589 | . 304 164 744 73 89 215 . Explosive 847 | . . . . . . 462 385 Electromagnetic 915 | . 119 97 39 . 56 549 55 Impact 36 | . . . . . . 36 . Slashing . | . . . . . . . . Piercing . | . . . . . . . . Highest Corruption 2 | . . . . . . 2 2 Average Corruption 1 | . . . . . . 1 2 Corruption Purged . | . . . . . . . . Effects 4 | . . . . . . 2 2 Heat Flow Errors 1 | . . . . . . 1 . Data Loss (minor) 3 | . . . . . . 1 2 Overload Shots . | . . . . . . . . Overflow Damage 93 | . . . 21 . . 68 4 Projectiles 21 | . . . 21 . . . . Explosions 72 | . . . . . . 68 4 Melee . | . . . . . . . . Knockbacks 16 | . . . 11 2 . 3 . Impact 1 | . . . . . . 1 . Kinetic 14 | . . . 11 1 . 2 . Secondary 1 | . . . . 1 . . . Self-Inflicted Damage 239 | . 38 16 . . . 147 38 Shots 6 | . 1 1 . . . 3 1 Rammed . | . . . . . . . . Targets Rammed 1 | . . . . . . 1 . Kicked . | . . . . . . . . Crushed 1 | . . . . . . 1 . Highest Temperature 651 | . 117 651 402 24 135 426 128 Average Temperature 119 | . 32 223 114 14 62 100 68 Received Heat Transfer 2946 | . 264 657 747 81 72 657 468 Effects 29 | . . 27 2 . . . . Shutdowns 5 | . . 4 1 . . . . Energy Bleed 3 | . . 3 . . . . . Interference 1 | . . 1 . . . . . Matter Decay 6 | . . 6 . . . . . Short Circuit 3 | . . 2 1 . . . . Damage (minor) 4 | . . 4 . . . . . Damage (major) 5 | . . 5 . . . . . Damage (core) 2 | . . 2 . . . . . Siege Activations . | . . . . . . . . Robots Corrupted 1 | . . . . . . 1 . Combat Hostiles 1 | . . . . . . 1 . Parts Fried 1 | . . . . . . 1 . Impact Corruptions . | . . . . . . . . Robots Melted . | . . . . . . . . Combat Hostiles . | . . . . . . . . Parts Melted 1 | . 1 . . . . . . Heat Transferred 3177 | . 827 150 1517 148 185 350 . Parts Sabotaged . | . . . . . . . . Parts Stolen . | . . . . . . . . Parts Stripped . | . . . . . . . . Power Chain Reactions 3 | . 1 1 . . . 1 . Missiles Intercepted . | . . . . . . . . Alert | -11 -10 -9 -8 -7 -6 -6 -6 ------- Run | Scr Mat Mat Mat Fac Fac Low Low Peak Influence 338 | . 212 155 338 57 57 . . Average Influence 88 | . 86 82 193 14 28 . . Maximum Alert Level 1 | . 1 . 1 . . . . Low Security (%) 88 | . . . . . . . . Level 1 11 | . . . . . . . . Level 2 . | . . . . . . . . Level 3 . | . . . . . . . . Level 4 . | . . . . . . . . Level 5 . | . . . . . . . . High Security . | . . . . . . . . Max Security . | . . . . . . . . Squads Dispatched 11 | . 4 4 1 . 1 . 1 Investigation 4 | . 2 2 . . . . . Extermination 1 | . . . . . 1 . . Reinforcement 5 | . 2 2 1 . . . . Assault 1 | . . . . . . . 1 Garrison . | . . . . . . . . Intercept . | . . . . . . . . Construction Impeded 1 | . . 1 . . . . . Haulers Reinforced . | . . . . . . . . Stealth | -11 -10 -9 -8 -7 -6 -6 -6 --------- Run | Scr Mat Mat Mat Fac Fac Low Low Distress Signals 6 | . 1 1 4 . . . . Communications Jammed . | . . . . . . . . Distress Signals . | . . . . . . . . Times Spotted 121 | . 21 27 33 5 3 17 15 Peak Tracking Total 11 | . 5 8 5 4 1 9 11 Tactical Retreats 15 | . 1 7 3 . 1 2 1 Traps | -11 -10 -9 -8 -7 -6 -6 -6 ------- Run | Scr Mat Mat Mat Fac Fac Low Low Traps Triggered 1 | . 1 . . . . . . Indirectly . | . . . . . . . . Trap Hack Attempts . | . . . . . . . . Triggered . | . . . . . . . . Disarmed . | . . . . . . . . Reprogrammed . | . . . . . . . . Reused . | . . . . . . . . Traps Extracted . | . . . . . . . . Installed . | . . . . . . . . Triggered . | . . . . . . . . Machines | -11 -10 -9 -8 -7 -6 -6 -6 ---------- Run | Scr Mat Mat Mat Fac Fac Low Low Machines Disabled 4 | . 1 . 1 . . 1 1 Max in Single Turn 1 | . 1 . 1 . . 1 1 Machines Sabotaged . | . . . . . . . . Garrisons Compromised . | . . . . . . . . Overloaded Fab Kills . | . . . . . . . . Fab Network Shutdowns . | . . . . . . . . Hacking | -11 -10 -9 -8 -7 -6 -6 -6 --------- Run | Scr Mat Mat Mat Fac Fac Low Low Machines Accessed 9 | . 1 6 1 1 . . . Terminals 8 | . 1 6 1 . . . . Fabricators . | . . . . . . . . Repair Stations . | . . . . . . . . Recycling Units . | . . . . . . . . Scanalyzers 1 | . . . . 1 . . . Garrison Access . | . . . . . . . . Total Hacks 26 | . 3 18 3 2 . . . Successful 8 | . . 3 3 2 . . . Failed 18 | . 3 15 . . . . . Catastrophic 3 | . 1 2 . . . . . Database Lockouts . | . . . . . . . . Manual 18 | . 3 12 3 . . . . Terminals 24 | . 3 18 3 . . . . Fabricators . | . . . . . . . . Repair Stations . | . . . . . . . . Recycling Units . | . . . . . . . . Scanalyzers 2 | . . . . 2 . . . Garrison Access . | . . . . . . . . Terminal Hacks 6 | . . 3 3 . . . . Unreport Threat 6 | . . 3 3 . . . . Fabricator Hacks . | . . . . . . . . Repair Station Hacks . | . . . . . . . . Recycling Unit Hacks . | . . . . . . . . Scanalyzer 2 | . . . . 2 . . . Insert Component 1 | . . . . 1 . . . Analyze 1 | . . . . 1 . . . Garrison Access Hacks . | . . . . . . . . Unauthorized Hacks . | . . . . . . . . Terminals . | . . . . . . . . Fabricators . | . . . . . . . . Repair Stations . | . . . . . . . . Recycling Units . | . . . . . . . . Scanalyzers . | . . . . . . . . Garrison Access . | . . . . . . . . Data Cores Recovered . | . . . . . . . . Used . | . . . . . . . . Hacking Detections 8 | . 1 6 . 1 . . . Full Trace Events 5 | . 1 4 . . . . . Feedback Events . | . . . . . . . . Feedback Blocked . | . . . . . . . . Robot Schematics Acquired . | . . . . . . . . Robots Built . | . . . . . . . . Matter . | . . . . . . . . Time . | . . . . . . . . Total Robot Build Rating . | . . . . . . . . Part Schematics Acquired 1 | . . . . 1 . . . Parts Built . | . . . . . . . . Matter . | . . . . . . . . Time . | . . . . . . . . Total Part Build Rating . | . . . . . . . . Parts Repaired . | . . . . . . . . Time . | . . . . . . . . Parts Recycled . | . . . . . . . . Recycled Matter . | . . . . . . . . Retrieved Matter . | . . . . . . . . Retrieved Components . | . . . . . . . . Parts Scanalyzed 1 | . . . . 1 . . . Part Schematics Acquired 1 | . . . . 1 . . . Parts Damaged . | . . . . . . . . Bothacking | -11 -10 -9 -8 -7 -6 -6 -6 ------------ Run | Scr Mat Mat Mat Fac Fac Low Low Used RIF Installer . | . . . . . . . . Robots Hacked . | . . . . . . . . Non-combat . | . . . . . . . . Combat . | . . . . . . . . Robot Hacks Applied . | . . . . . . . . Relay Couplers Released . | . . . . . . . . Robots Rewired . | . . . . . . . . Allies Hacked . | . . . . . . . . Hacks Repelled . | . . . . . . . . Allies | -11 -10 -9 -8 -7 -6 -6 -6 -------- Run | Scr Mat Mat Mat Fac Fac Low Low Total Allies . | . . . . . . . . Largest Group . | . . . . . . . . Highest-Rated Group . | . . . . . . . . Highest-Rated Ally . | . . . . . . . . Total Orders . | . . . . . . . . Ally Attacks . | . . . . . . . . Total Damage . | . . . . . . . . Kills . | . . . . . . . . Allies Corrupted . | . . . . . . . . Allies Melted . | . . . . . . . . Intel | -11 -10 -9 -8 -7 -6 -6 -6 ------- Run | Scr Mat Mat Mat Fac Fac Low Low Robot Analysis Total . | . . . . . . . . Derelict Logs Recovered 2 | . . . . . . 2 . Drone Launches . | . . . . . . . . Drone Recoveries . | . . . . . . . . Exploration | -11 -10 -9 -8 -7 -6 -6 -6 ------------- Run | Scr Mat Mat Mat Fac Fac Low Low Turns Passed 4662 | 81 776 752 686 385 514 1316 152 Spaces Moved 2148 | 45 304 340 219 210 271 646 113 Core 45 | 3 . . . . . . 42 Treads 1604 | 38 202 150 219 210 271 508 6 Legs 495 | . 102 190 . . . 138 65 Wheels 4 | 4 . . . . . . . Hover . | . . . . . . . . Flight . | . . . . . . . . Fastest Speed 50 | 50 160 150 160 160 180 153 50 Average Speed 169 | 147 180 161 178 160 180 174 116 Slowest Speed 550 | 160 200 240 180 180 180 200 550 Overloaded Moves . | . . . . . . . . Propulsion Burnouts . | . . . . . . . . Robots Hopped . | . . . . . . . . Cave-ins Triggered . | . . . . . . . . Exploration Rate (%) 23 | 4 41 22 18 5 6 63 25 Regions Visited 7 Branch Regions 2 Pre-discovered Areas 1 | . . . . . . 1 . Known Exits Taken . | . . . . . . . . Unknown Exits Taken 7 | 1 1 1 1 1 1 1 . Scrap Searched 7 | . . . . . . 7 . Spaces Dug . | . . . . . . . . Terrain Destroyed 113 | . 5 7 2 . . 74 25 Melee . | . . . . . . . . Projectile 8 | . . . 2 . . 6 . AOE 105 | . 5 7 . . . 68 25 Actions | -11 -10 -9 -8 -7 -6 -6 -6 --------- Run | Scr Mat Mat Mat Fac Fac Low Low Total 2779 | 57 452 445 392 249 290 765 129 Wait 219 | 1 68 10 51 23 . 62 4 Move 2141 | 44 303 339 218 209 270 645 113 Hop . | . . . . . . . . Pick Up 60 | 6 19 10 11 5 6 3 . Fast Attach 16 | 6 2 3 2 1 . 2 . Attach 41 | . 1 12 7 2 2 12 5 Detach 10 | . . 6 1 . . . 3 Swap 42 | . 7 7 17 4 2 5 . Drop 45 | . 12 6 20 1 5 1 . Fire 203 | . 40 52 65 4 5 33 4 Melee 1 | . . . . . . 1 . Ram . | . . . . . . . . Kick . | . . . . . . . . Crush 1 | . . . . . . 1 . Escape Stasis . | . . . . . . . . Rewire . | . . . . . . . . Trap . | . . . . . . . . Miscellaneous . | . . . . . . . . Route ------- -11/Scrapyard -10/Materials -9/Materials -8/Materials -7/Factory -6/Factory -6/Lower Caves -6/Lower Caves History --------- Turn | Location | Event 20 | -11/Scrapyard | Discovered new exit (range 15) 82 | -11/Scrapyard | Entered Materials 308 | -10/Materials | Build established: Mutant 594 | -10/Materials | Discovered new exit (range 3) 858 | -10/Materials | Entered another Materials area 858 | -9/Materials | Evolved 2 slots: Propulsion x1, Utility x1 1131 | -9/Materials | Core integrity fell below 50% 1149 | -9/Materials | Lost 4 parts (1p1n2w) 1272 | -9/Materials | Core integrity fell below 20% 1333 | -9/Materials | Destroyed 7 combat bots 1546 | -9/Materials | Discovered new exit (range 16) 1610 | -9/Materials | Entered another Materials area 1610 | -8/Materials | Evolved 2 slots: Utility x2 1890 | -8/Materials | Build established: Scavenger-Mutant 2209 | -8/Materials | Discovered new exit (range 15) 2296 | -8/Materials | Entered Factory 2296 | -7/Factory | Evolved 2 slots: Utility x1, Weapon x1 2585 | -7/Factory | Build established: Tank 2645 | -7/Factory | Discovered new exit (range 6) 2681 | -7/Factory | Entered another Factory area 2681 | -6/Factory | Evolved 2 slots: Utility x2 2946 | -6/Factory | Build established: Mutant 2995 | -6/Factory | Spotted B-75 Beast 3169 | -6/Factory | Discovered new exit (range 3) 3195 | -6/Factory | Entered Lower Caves 3417 | -6/Lower Caves | Build established: Tank 3481 | -6/Lower Caves | Attracted the attention of an 0b10 checkpoint 3669 | -6/Lower Caves | Learned location of Zion (-6) 3836 | -6/Lower Caves | Learned location of 1 exit from Factory 4206 | -6/Lower Caves | Attracted the attention of an 0b10 outpost 4308 | -6/Lower Caves | Lost 13 parts (2p3n4u4w) 4499 | -6/Lower Caves | Discovered new exit (range 8) 4511 | -6/Lower Caves | Entered another Lower Caves area 4537 | -6/Lower Caves | Attracted the attention of an 0b10 outpost 4592 | -6/Lower Caves | Lost 4 parts (1n1u2w) 4630 | -6/Lower Caves | Core integrity fell below 50% 4645 | -6/Lower Caves | Core integrity fell below 20% 4663 | -6/Lower Caves | Lost 11 parts (1p5n4u1w) 4663 | -6/Lower Caves | Destroyed by S-27 Virus with Autogun Last Messages --------------- 04585_ OT-OTB(S) system corrupted by crushing effect. 04586_ OT-OTB(S) system terminally corrupted. 04591_ System corrupted: Component data lost. 04599_ Hrd. Heavy Armor Plating destroyed. 04608_ Carbon-fiber Leg destroyed. 04616_ Imp. Aluminum Leg destroyed. 04616_ Penetrated by Slug. 04619_ G-50 Soldier IFF system glitched. 04620_ Penetrated by Slug. 04620_ Carbon-fiber Leg destroyed. 04620_ Imp. Heat Sink destroyed. 04623_ Penetrated by Slug. 04623_ Imp. Titanium Leg destroyed. 04626_ Lgt. Nuclear Core destroyed. 04627_ Lgt. Treads destroyed. 04630_ Penetrated by Slug. 04631_ Power Maul destroyed. 04632_ Lrn. Sensor Array destroyed. 04632_ Penetrated by Slug. 04657_ System corrupted: Component data lost. Map ----- +----------------------------------------------------+ | ?????????????????????????????????????????????????? | | ?????????????????????????????? ??????????????????? | | ?????????????????????????????? ??????????????????? | | ?????????????????????????????? ??????????????????# | | ?????????????????????????????# ??????????????????? | | ????????????????????????????? ??????????????????? | | ????????????????????????????? ????##????????????? | | ????????????????????????????? ???? ????????????? | | ???????????????????????????## ????# ????????????? | | ???????????????????????????# ????# ????????????? | | ???????????????????????????# #????# ????????????? | | ???????????????????????????# #????# ###?????????? | | ???????????????????????????# #????? #?????????? | | ???????????????????????????# #?????# #?????????? | | ???????????????????????????# #?????# #####????## | | ???????????????????????????# ####### # #?#### | | ???????????????????????????# ## ### | | ???????????????????????????# ## ## | | ???????????????????????????### # #### | | ????????????????????????????# ## # | | ????????????????????????????# # | | ???????????????????#????????# ## # ### | | ???????????????????# ?????## s #?# # | | ???????????????????## ???## #s # ##### | | ?????????????????### ### s## ### ???? | | ???????????????# @ ### ####?# # #?? | | ???????????????# # ####????# ## #? | | ???????????????# #####??## #???????## ? # | | ?????????????????????????### ##?????????#? | | ???????????????????????????####????????????# # | | ????????????????????????????????????????????# ## | | ?????????????????????????????????????????????# ?#? | | ??????????????????????????????????????????????? ?? | | ?????????????????????????????????????????????????? | | ?????????????????????????????????????????????????? | | ?????????????????????????????????????????????????? | | ?????????????????????????????????????????????????? | | ?????????????????????????????????????????????????? | | ?????????????????????????????????????????????????? | | ?????????????????????????????????????????????????? | | ?????????????????????????????????????????????????? | | ?????????????????????????????????????????????????? | | ?????????????????????????????????????????????????? | | ?????????????????????????????????????????????????? | | ?????????????????????????????????????????????????? | | ?????????????????????????????????????????????????? | | ?????????????????????????????????????????????????? | | ?????????????????????????????????????????????????? | | ?????????????????????????????????????????????????? | | ?????????????????????????????????????????????????? | +----------------------------------------------------+ Best States ------------- Heat Dissipation 65 Energy Generation 18 Energy Capacity 290 Matter Stores 300 Matter Capacity 300 Sight Range 18 Robot Scan Range 20 Terrain Scan Density 10 Armor Coverage 1350 Evasion (%) 50 Recoil Reduction 3 Particle Charging 15 Item Schematics ----------------- Hcp. Storage Unit | -7/Factory | Scanalyzed Robot Schematics ------------------ None Fabricated ------------ Nothing Alien Tech Used ----------------- None Achievements -------------- Close Call Challenges ------------ None Game ------ Seed ProtonPowerCarapace Manual? 0 Play Time 00:49:49 Cumulative 122.9 hours Start 2019.11.11 @ 11:13:10 End 2019.11.11 @ 12:48:29 Sessions 1 Manual Loads 0 Difficulty Rogue Special Mode None Game No. 30 Rogue 30 Adventurer 0 Explorer 0 Win Type - Total 0 Types 0/0/0/0/0/0/0 Lore% 14 Gallery% 30 Achievement% 14 Wizard Run 0 Options --------- ASCII 0 Keyboard 1 Movement Numpad Keybinds 0 Fullscreen 2 Font 14/SmallcapsGlow Map View 72x54 Tactical HUD 1 Map Filters NONE Filters NONE Steam X RUN: f00c8cf3-3af4-4f07-8883-fe0cddda9498